[Event "Team 45 45 League T90"]
[Site "Internet Chess Club"]
[Date "2021.10.15"]
[Round "2"]
[White "tightfist"]
[Black "julesraider"]
[Result "0-1"]
[WhiteElo "1358"]
[BlackElo "1551"]
[Opening "Four knights: Spanish variation"]
[ECO "C48"]
[Time "14:01:29"]
[TimeControl "2700+45"]

1. Nc3 e5 2. e4 Nc6 3. Nf3 Nf6 4. Bb5 d6 5. d4 Bd7 6. O-O a6 7. Bxc6 bxc6 8.
dxe5 dxe5 9. Nxe5 Bd6 10. Nxd7 Qxd7 11. Re1 Ng4 12. g3 O-O 13. Bf4 Qe6 14. Bd2
Bc5 15. Re2 Rad8 16. Qe1 Ne5 17. Kg2 Nc4 18. Na4 Bd4 19. c3 Bf6 20. Nc5 Qe5 21.
Nxa6 Nxd2 22. Rxd2 Rxd2 23. Qxd2 Qxe4+ 24. f3 Qc4 25. Nb4 Rd8 26. Qe3 c5 27. Nc6
Ra8 28. Ne5 Qb5 29. Ng4 Qxb2+ 30. Qf2 Qxa1 31. Nxf6+ gxf6 32. Qxc5 Rxa2+ 33. Kh3
Qf1+ 34. Kg4 Ra4+ 35. f4 Qe2+ 36. Kh3 Ra2 37. Qxc7 Qh5# {White checkmated} 0-1

[Event "Team 45 45 League T90"]
[Site "Internet Chess Club"]
[Date "2021.10.17"]
[Round "2"]
[White "Conjurer"]
[Black "kingphisch"]
[Result "1/2-1/2"]
[WhiteElo "1150"]
[BlackElo "1322"]
[Opening "Queen's pawn: London system"]
[ECO "A45"]
[Time "16:00:39"]
[PlyCount "121"]
[TimeControl "2700+45"]

1. d4 Nf6 2. Bf4 c5 3. c3 cxd4 4. cxd4 e6 5. e3 d5 6. Nf3 Nc6 7. a3 Be7 8. Bd3
O-O 9. O-O Ne4 10. Nc3 Nd6 11. Rc1 a6 12. b4 Bd7 13. Ne5 f5 14. Nxd7 Qxd7 15.
Qh5 Nf7 16. Qf3 Rfd8 17. Qg3 g5 18. Bc7 Rdc8 19. Be5 Ncxe5 20. dxe5 Qe8 21. Ne2
Qa4 22. Rxc8+ Rxc8 23. f4 g4 24. Nd4 Qxa3 25. Nxf5 exf5 26. Bxf5 Rc1 27. Qxg4+
Kh8 28. Qh5 Rxf1+ 29. Kxf1 Qc1+ 30. Kf2 Qd2+ 31. Kg3 Qxe3+ 32. Qf3 Qxf3+ 33.
Kxf3 Bxb4 34. Be6 Nxe5+ 35. fxe5 d4 36. Ke2 b6 37. Kd3 Bc5 38. Bb3 Kg7 39. Bc2
h6 40. Ke4 Kf7 41. Kf5 Kg7 42. e6 a5 43. Ke5 Kf8 44. Kf6 Be7+ 45. Kg6 Bg5 46. g3
Ke7 47. Kf5 Kd6 48. Be4 Ke7 49. h4 Be3 50. Ke5 a4 51. Bb1 a3 52. Ba2 b5 53. Kd5
b4 54. Kc5 Bf2 55. g4 Bxh4 56. Kxd4 Be1 57. Kd3 Bc3 58. Ke4 Bd2 59. Kf5 Bg5 60.
Kg6 Bd2 61. Bb3 {Game drawn by mutual agreement} 1/2-1/2

[Event "Team 45 45 League T90"]
[Site "Internet Chess Club"]
[Date "2021.10.17"]
[Round "2"]
[White "fvafier"]
[Black "MrAbendroth"]
[Result "0-1"]
[WhiteElo "1513"]
[BlackElo "1689"]
[Opening "Queen's pawn game"]
[ECO "E10"]
[Time "10:00:46"]
[PlyCount "86"]
[TimeControl "2700+45"]

1. d4 Nf6 2. c4 e6 3. Nf3 d5 4. e3 Be7 5. Bd3 Nbd7 6. b3 O-O 7. Bb2 c5 8. O-O
cxd4 9. exd4 dxc4 10. bxc4 b6 11. Nbd2 Bb7 12. Qe2 Re8 13. Rac1 Rc8 14. Ne5 Nxe5
15. dxe5 Ng4 16. h3 Nxf2 17. Rxf2 Bc5 18. Nf3 h6 19. Bb1 Qd7 20. Rd1 Bxf2+ 21.
Kxf2 Qc6 22. Ba3 Qa4 23. Qd3 g6 24. Bc2 Qxc4 25. Qxc4 Rxc4 26. Bb3 Rc7 27. Bd6
Rc3 28. Bb4 Rc7 29. Ba4 Rec8 30. Rd7 Rxd7 31. Bxd7 Rc2+ 32. Kg3 Rxa2 33. Be1 Bd5
34. Bf2 Kg7 35. Nd4 Rb2 36. Bc6 a5 37. Bxd5 exd5 38. e6 Kf8 39. exf7 Kxf7 40.
Kf3 a4 41. Ne2 Rb3+ 42. Be3 a3 43. Kf2 Rxe3 {White resigns} 0-1

[Event "Team 45 45 League T90"]
[Site "Internet Chess Club"]
[Date "2021.10.17"]
[Round "2"]
[White "evan7284"]
[Black "manfredo"]
[Result "1-0"]
[WhiteElo "1638"]
[BlackElo "1493"]
[Opening "Queen's pawn game"]
[ECO "D00"]
[Time "15:01:38"]
[PlyCount "63"]
[TimeControl "2700+45"]

1. d4 Nf6 2. Nc3 d5 3. Bf4 g6 4. Qd2 Bg7 5. Bh6 O-O 6. Bxg7 Kxg7 7. h4 h5 8. e3
c5 9. Be2 cxd4 10. exd4 Nc6 11. Nf3 Bg4 12. Ng5 Bxe2 13. Nxe2 e5 14. O-O-O e4
15. Nf4 Qa5 16. Kb1 Qxd2 17. Rxd2 Rfd8 18. Re1 Re8 19. c3 Na5 20. Rde2 b5 21. f3
exf3 22. gxf3 Rxe2 23. Rxe2 Nc4 24. Re7 Nd6 25. Nd3 Kf8 26. Rc7 Nfe8 27. Rd7 a5
28. Ne5 b4 29. Ngxf7 bxc3 30. Nxd6 Nxd6 31. Rxd6 Rb8 32. Nd7+ {Black resigns}
1-0

[Event "Team 45 45 League T90"]
[Site "Internet Chess Club"]
[Date "2021.10.17"]
[Round "2"]
[White "dalmata"]
[Black "Gilguli"]
[Result "1-0"]
[WhiteElo "1558"]
[BlackElo "1300"]
[Opening "QGD: Chigorin defense, Janowski variation"]
[ECO "D07"]
[Time "15:00:16"]
[PlyCount "51"]
[TimeControl "2700+45"]

1. d4 d5 2. c4 Nc6 3. Nc3 dxc4 4. Nf3 Bg4 5. e3 Na5 6. Qa4+ c6 7. Bxc4 b5 8.
Bxf7+ Kxf7 9. Ne5+ Ke8 10. Nxb5 Qd5 11. Nc7+ Kd8 12. Nxd5 cxd5 13. Nxg4 Nc4 14.
Ne5 Nxe5 15. dxe5 e6 16. Qc6 Rc8 17. Qxe6 Ne7 18. O-O Rc6 19. Qg4 Rg6 20. Qf3 h5
21. Rd1 Ke8 22. e4 h4 23. exd5 h3 24. g3 Ng8 25. d6 Kd7 26. Qf7+ {Black resigns}
1-0

[Event "Team 45 45 League T90"]
[Site "Internet Chess Club"]
[Date "2021.10.15"]
[Round "2"]
[White "tamky70"]
[Black "Denis240964"]
[Result "0-1"]
[WhiteElo "1216"]
[BlackElo "1384"]
[Opening "QGD: exchange variation"]
[ECO "D35"]
[Time "13:30:52"]
[TimeControl "2700+45"]

1. d4 d5 2. c4 e6 3. Nc3 Nf6 4. cxd5 exd5 5. Nf3 c6 6. g3 Bf5 7. Bg2 Be7 8. O-O
O-O 9. Be3 Nbd7 10. Re1 Nb6 11. b3 Bb4 12. Qc1 Ne4 13. Bd2 Nxd2 14. Nxd2 Qf6 15.
a3 Bd6 16. e3 Qg6 17. Nf3 Qf6 18. Nh4 Bd7 19. e4 Qxd4 20. Nf5 Bxf5 21. exf5 Rae8
22. Qc2 Rxe1+ 23. Rxe1 Be5 24. Ne2 Qb2 25. Qxb2 Bxb2 26. a4 Re8 27. Kf1 d4 28.
Nf4 Kf8 29. Nd3 Rxe1+ 30. Kxe1 Bc3+ 31. Ke2 Ke7 32. g4 Kd6 33. h4 Nd5 34. Bxd5
Kxd5 35. Kf3 a6 36. Nf4+ Kc5 37. Nd3+ Kd6 38. Ke4 b5 39. axb5 axb5 40. f3 c5 41.
g5 c4 42. bxc4 bxc4 43. Ne5 f6 44. Nxc4+ Kc5 45. Kd3 fxg5 46. h5 h6 47. Na3 Kd5
48. Nc4 Ba1 49. Na3 Ke5 50. Nc2 Bc3 51. Na3 Kxf5 52. Nc4 Kf4 53. Ke2 g4 54. fxg4
Kxg4 55. Nd6 Kxh5 56. Kf3 g5 57. Ne4 Kh4 58. Nf2 h5 59. Kg2 g4 60. Ne4 Bb2 61.
Nc5 g3 62. Ne4 d3 63. Nxg3 Kg4 64. Nf1 h4 65. Ne3+ Kf4 66. Nd1 Bf6 67. Nf2 d2
68. Nd1 Bd4 69. Kh3 Kf3 {White resigns} 0-1

[Event "Team 45 45 League T90"]
[Site "Internet Chess Club"]
[Date "2021.10.17"]
[Round "2"]
[White "laurenpar"]
[Black "primerpaso"]
[Result "1/2-1/2"]
[WhiteElo "1915"]
[BlackElo "1916"]
[Opening "Nimzovich-Larsen attack: Indian variation"]
[ECO "A01"]
[Time "05:06:33"]
[PlyCount "117"]
[TimeControl "2700+45"]

1. b3 Nf6 2. Bb2 d5 3. e3 Bf5 4. Nf3 Nbd7 5. c4 e6 6. Be2 h6 7. O-O Be7 8. Nc3
O-O 9. h3 c6 10. d3 Qc7 11. cxd5 exd5 12. a3 a6 13. b4 Rfd8 14. Qb3 Ne5 15. Nxe5
Qxe5 16. Nb5 Qb8 17. Nd4 Bd7 18. Rfc1 Qd6 19. Nf3 Be6 20. Bd4 Nd7 21. Qb2 Bf6
22. a4 Rdc8 23. Rab1 Qe7 24. Bxf6 Qxf6 25. Qxf6 Nxf6 26. Ne5 Nd7 27. Nxd7 Bxd7
28. d4 Kf8 29. Bd3 Ke7 30. h4 Kd6 31. Kh2 b6 32. Kg3 Ra7 33. Kf4 a5 34. f3 g5+
35. hxg5 hxg5+ 36. Kg3 Rb8 37. b5 c5 38. dxc5+ bxc5 39. Rh1 c4 40. Rh6+ Be6 41.
Bc2 Rc7 42. Kf2 Kc5 43. Rh5 Rg8 44. g3 d4 45. b6 dxe3+ 46. Kxe3 Re7 47. Rb5+ Kd6
48. Kd4 Bd7 49. Rxa5 Kc6 50. Rb5 Kb7 51. Rb2 Rd8 52. Be4+ Bc6+ 53. Kc3 Bxe4 54.
fxe4 Rxe4 55. Rxg5 Rd3+ 56. Kc2 Re2+ 57. Kb1 Re1+ 58. Kc2 Re2+ 59. Kc1 {Game
drawn by mutual agreement} 1/2-1/2

[Event "Team 45 45 League T90"]
[Site "Internet Chess Club"]
[Date "2021.10.16"]
[Round "2"]
[White "QuieroAprender"]
[Black "ElValero"]
[Result "1/2-1/2"]
[WhiteElo "1602"]
[BlackElo "1639"]
[Opening "Sicilian defense"]
[ECO "B40"]
[Time "14:00:26"]
[TimeControl "2700+45"]

1. e4 c5 2. Nf3 e6 3. b3 d6 4. Bb2 Nf6 5. e5 dxe5 6. Nxe5 Nbd7 7. d3 Be7 8. Nd2
Nxe5 9. Bxe5 O-O 10. a4 b6 11. Be2 Bb7 12. Bf3 Bxf3 13. Qxf3 Qd5 {Game drawn by
mutual agreement} 1/2-1/2

[Event "Team 45 45 League T90"]
[Site "Internet Chess Club"]
[Date "2021.10.13"]
[Round "2"]
[White "kabindra"]
[Black "Portola"]
[Result "0-1"]
[WhiteElo "1748"]
[BlackElo "1730"]
[Opening "French: advance, Milner-Barry gambit"]
[ECO "C02"]
[Time "17:00:16"]
[TimeControl "2700+45"]

1. e4 e6 2. d4 d5 3. e5 c5 4. c3 Nc6 5. Nf3 Qb6 6. Bd3 cxd4 7. cxd4 Bd7 8. O-O
Nge7 9. Nbd2 Nf5 10. Nb3 Be7 11. Be3 Nb4 12. Bb1 Bb5 13. Re1 a5 14. a3 Nc6 15.
a4 Bc4 16. Bxf5 Bxb3 17. Bc2 Bxc2 18. Qxc2 Nb4 19. Qd1 Rc8 20. Rc1 O-O 21. h4
Rxc1 22. Bxc1 Rc8 23. Rf1 Rc2 24. h5 Qc6 25. Ne1 Rxc1 {White resigns} 0-1

[Event "Team 45 45 League T90"]
[Site "Internet Chess Club"]
[Date "2021.10.17"]
[Round "2"]
[White "VictorRed"]
[Black "julesraider"]
[Result "1-0"]
[WhiteElo "1667"]
[BlackElo "1553"]
[Opening "Pirc: classical (two knights) system"]
[ECO "B08"]
[Time "21:00:25"]
[PlyCount "77"]
[TimeControl "2700+45"]

1. d4 Nf6 2. Nc3 g6 3. e4 d6 4. Nf3 Bg7 5. Bc4 O-O 6. O-O Nbd7 7. e5 dxe5 8.
dxe5 Ng4 9. e6 Nde5 10. exf7+ Nxf7 11. Ng5 h6 12. Qxd8 Rxd8 13. Nxf7 Rd4 14.
Nxh6+ Kh7 15. Nxg4 Rxc4 16. Ne3 Rc6 17. Ncd5 Be6 18. c4 Re8 19. Rb1 a5 20. b3
Bh6 21. Ba3 Bf8 22. Rbd1 Bf7 23. Rd3 b6 24. Ng4 Bxd5 25. cxd5 Rc2 26. Re3 Rxa2
27. Nf6+ exf6 28. Rxe8 Bxa3 29. Re6 f5 30. Rb1 Bc5 31. Rf1 Rb2 32. Rc6 Rxb3 33.
Rxc7+ Kh6 34. Rd1 a4 35. h3 a3 36. d6 a2 37. d7 Rb1 38. d8=Q a1=Q 39. Qh4#
{Black checkmated} 1-0

[Event "Team 45 45 League T90"]
[Site "Internet Chess Club"]
[Date "2021.10.18"]
[Round "2"]
[White "kidcobra"]
[Black "jaboti"]
[Result "1-0"]
[WhiteElo "1842"]
[BlackElo "1720"]
[Opening "French defense"]
[ECO "C00"]
[Time "20:05:20"]
[PlyCount "73"]
[TimeControl "2700+45"]

1. e4 e6 2. g3 c5 3. Nc3 Nc6 4. d3 d5 5. exd5 exd5 6. Bg2 Nf6 7. Bg5 Be7 8. Nge2
d4 9. Ne4 Nxe4 10. Bxe7 Nxe7 11. Bxe4 O-O 12. O-O Bf5 13. Bxf5 Nxf5 14. Nf4 Re8
15. Qf3 Qd7 16. Rfe1 Rxe1+ 17. Rxe1 Rb8 18. Nd5 Kh8 19. Re5 Nh6 20. Qe4 f6 21.
Re7 Qc6 22. Rc7 Qd6 23. Qe7 Qxe7 24. Rxe7 Kg8 25. Rc7 b6 26. Rxa7 Ng4 27. h3 Ne5
28. f4 Nc6 29. Ne7+ Nxe7 30. Rxe7 Kf8 31. Rc7 Re8 32. Kf2 h6 33. Rb7 Re6 34. a4
g5 35. a5 gxf4 36. gxf4 Re3 37. a6 {Black resigns} 1-0

[Event "Team 45 45 League T90"]
[Site "Internet Chess Club"]
[Date "2021.10.16"]
[Round "2"]
[White "Packerfan"]
[Black "fhunfi"]
[Result "1-0"]
[WhiteElo "1789"]
[BlackElo "1742"]
[Opening "English: Sicilian reversed"]
[ECO "A25"]
[Time "10:00:55"]
[TimeControl "2700+45"]

1. c4 e5 2. Nc3 Nc6 3. g3 f5 4. Bg2 Nf6 5. d3 a5 6. Nf3 Be7 7. O-O O-O 8. Nd5 d6
9. Nxe7+ Qxe7 10. b3 h6 11. Bb2 g5 12. Nd2 Be6 13. e4 f4 14. Nf3 Bg4 15. gxf4
Nh5 16. f5 Nf4 17. Qd2 Qe8 18. Kh1 Qh5 19. Ne1 Rae8 20. Qe3 Kh7 21. f3 Bh3 22.
Bxh3 Qxh3 23. Qf2 Nb4 24. d4 Nbd3 25. Nxd3 Nxd3 26. Qd2 Nxb2 27. Qxb2 g4 28.
dxe5 Rxe5 29. Qg2 Qxg2+ 30. Kxg2 Rg8 31. Rae1 h5 32. fxg4 Rxg4+ 33. Kf3 Kg7 34.
Rg1 Rxg1 35. Rxg1+ Kf7 36. Rg5 c6 37. Kf4 Rc5 38. Rxh5 Kg7 39. f6+ Kxf6 40. Rxc5
dxc5 41. a4 {Black resigns} 1-0

[Event "Team 45 45 League T90"]
[Site "Internet Chess Club"]
[Date "2021.10.16"]
[Round "2"]
[White "MrAbendroth"]
[Black "ivanson"]
[Result "1-0"]
[WhiteElo "1680"]
[BlackElo "1600"]
[Opening "Ruy Lopez: Anderssen variation"]
[ECO "C77"]
[Time "14:00:23"]
[TimeControl "2700+45"]

1. e4 e5 2. Nf3 Nc6 3. Bb5 a6 4. Ba4 Nf6 5. d3 b5 6. Bb3 Be7 7. a4 Bb7 8. axb5
axb5 9. Rxa8 Bxa8 10. c3 d6 11. O-O O-O 12. Re1 Na5 13. Bc2 c5 14. Qe2 Qc7 15.
Bd2 Bc6 16. b4 Nb7 17. d4 c4 18. d5 Bd7 19. h3 Ra8 20. Be3 Qc8 21. Kh2 Ra2 22.
Qd1 g6 23. Qc1 Qa8 24. Re2 Nh5 25. g4 Ng7 26. Qg1 Kh8 27. Qg3 f5 28. gxf5 gxf5
29. Bg5 Bxg5 30. Nxg5 fxe4 31. Qh4 Qg8 32. Nxe4 Nf5 33. Qf6+ Qg7 34. Bd1 Ra1 35.
Bc2 Qxf6 36. Nxf6 Bc8 37. f4 Ra2 38. Rg2 Ng7 39. fxe5 dxe5 40. Bxh7 Rxg2+ 41.
Kxg2 Nf5 42. Bxf5 Bxf5 43. Nd2 Nd6 44. h4 Kg7 45. Nh5+ Kg6 46. Ng3 Bd3 47. Kf3
Kh6 48. Nde4 Nf7 49. d6 Kg6 50. d7 Nd8 51. Nd6 Kf6 52. Nge4+ Ke7 53. Nxb5 Nc6
54. h5 {Black resigns} 1-0

[Event "Team 45 45 League T90"]
[Site "Internet Chess Club"]
[Date "2021.10.15"]
[Round "2"]
[White "manfredo"]
[Black "marioseixas1992"]
[Result "0-1"]
[WhiteElo "1518"]
[BlackElo "1383"]
[Opening "Sicilian: Grand Prix attack"]
[ECO "B23"]
[Time "14:00:44"]
[TimeControl "2700+45"]

1. e4 c5 2. Nc3 Nc6 3. f4 g6 4. Nf3 Bg7 5. Bb5 e6 6. Bxc6 bxc6 7. e5 f5 8. d4
cxd4 9. Qxd4 d5 10. Na4 Qa5+ 11. Bd2 Qb5 12. Nc5 Bf8 13. Bb4 a5 14. Ba3 a4 15.
Ng5 Bxc5 16. Qxc5 Qxc5 17. Bxc5 Ra5 18. Bd6 c5 19. O-O-O Ne7 20. h4 h6 21. Nh3
Ba6 22. c3 Be2 23. Rd2 Bh5 24. Nf2 c4 25. Bb4 Ra6 26. Rg1 Nc6 27. Bd6 Na5 28. g4
Nb3+ 29. axb3 axb3 30. Ba3 fxg4 31. Nxg4 Rf8 32. Bxf8 Ra1# {White checkmated}
0-1

[Event "Team 45 45 League T90"]
[Site "Internet Chess Club"]
[Date "2021.10.15"]
[Round "2"]
[White "burlap"]
[Black "Conjurer"]
[Result "1-0"]
[WhiteElo "1097"]
[BlackElo "1109"]
[Opening "Modern defense"]
[ECO "A40"]
[Time "13:30:42"]
[TimeControl "2700+45"]

1. d4 g6 2. Bf4 Bg7 3. e3 d6 4. Bd3 Nd7 5. Nf3 e5 6. dxe5 Nxe5 7. Nc3 Bg4 8. Be2
Ne7 9. Nxe5 Bxe2 10. Qxe2 dxe5 11. Rd1 Qc8 12. Bg3 O-O 13. O-O Qe6 14. h3 c6 15.
Qd3 Nf5 16. Bh2 Rfe8 17. g4 Nh4 18. f3 g5 19. Bg3 Qh6 20. Bxh4 Qxh4 21. Kh2 Re6
22. Ne4 f5 23. Qb3 Re8 24. gxf5 g4 25. fxg4 Rf8 26. Qxe6+ Kh8 {Black resigns}
1-0

[Event "Team 45 45 League T90"]
[Site "Internet Chess Club"]
[Date "2021.10.13"]
[Round "2"]
[White "howah45"]
[Black "rgadoury"]
[Result "1-0"]
[WhiteElo "1176"]
[BlackElo "1141"]
[Opening "Ruy Lopez: old Steinitz defense"]
[ECO "C62"]
[Time "15:00:35"]
[TimeControl "2700+45"]

1. e4 e5 2. Nf3 Nc6 3. Bb5 d6 4. c3 Bd7 5. d3 Qe7 6. Nbd2 a6 7. Ba4 Nf6 8. Nf1
b5 9. Bb3 Be6 10. Ng3 Bxb3 11. axb3 d5 12. Nf5 dxe4 13. Nxe7 {Black resigns} 1-0

[Event "Team 45 45 League T90"]
[Site "Internet Chess Club"]
[Date "2021.10.16"]
[Round "2"]
[White "manfredo"]
[Black "julesraider"]
[Result "0-1"]
[WhiteElo "1504"]
[BlackElo "1565"]
[Opening "Caro-Kann: classical, Spassky variation"]
[ECO "B19"]
[Time "16:01:03"]
[TimeControl "2700+45"]

1. e4 c6 2. d4 d5 3. Nd2 dxe4 4. Nxe4 Bf5 5. Ng3 Bg6 6. h4 h6 7. Nf3 Nd7 8. h5
Bh7 9. Bd3 Bxd3 10. Qxd3 e6 11. Bd2 Ngf6 12. O-O-O Be7 13. Qe2 Qc7 14. Ne5 O-O
15. f4 c5 16. Nxd7 Qxd7 17. dxc5 Qa4 18. Kb1 Bxc5 19. Qf3 Nd5 20. Ne4 Rac8 21.
Nxc5 Rxc5 22. Qb3 Qc6 23. c3 Rb5 24. Qc2 Rc8 25. a4 Rb6 26. Rc1 Qc4 27. b4 Rbc6
28. Qa2 Qd3+ 29. Qc2 Nxb4 30. Qxd3 Nxd3 31. Rc2 Rc4 32. Ra2 Nxf4 33. Bxf4 Rxf4
34. Kb2 Rf2+ 35. Kb3 Rxa2 36. Kxa2 Rxc3 37. Kb2 Rc7 38. Rd1 Kf8 39. Rd8+ Ke7 40.
Rg8 Kf6 41. Ra8 a6 42. Rd8 Kg5 43. Rd3 Kxh5 44. Rh3+ Kg6 45. Rg3+ Kh7 46. Rd3 g5
47. g4 Kg6 48. Rd4 h5 49. gxh5+ Kxh5 50. Rd1 g4 51. Rh1+ Kg5 52. Rh7 g3 53. Rg7+
Kf4 54. Rg8 Kf3 55. Rd8 g2 56. Rd3+ Kf2 57. Rd2+ Kg1 {White resigns} 0-1

[Event "Team 45 45 League T90"]
[Site "Internet Chess Club"]
[Date "2021.10.14"]
[Round "2"]
[White "olivermx"]
[Black "sdcohle"]
[Result "1-0"]
[WhiteElo "1340"]
[BlackElo "1342"]
[Opening "French: advance variation"]
[ECO "C02"]
[Time "22:01:00"]
[TimeControl "2700+45"]

1. e4 e6 2. d4 d5 3. e5 c5 4. c3 Qb6 5. Nf3 Nc6 6. a3 c4 7. Be2 Na5 8. Nbd2 Bd7
9. O-O Ne7 10. Rb1 Nb3 11. Nxb3 Ba4 12. Qe1 Bxb3 13. Bd1 Ng6 14. Nd2 Bxd1 15.
Qxd1 a5 16. f4 Ne7 17. Nf3 h6 18. b4 cxb3 19. Rxb3 Qc6 20. Qd3 Rb8 21. Bb2 b5
22. a4 Qc4 23. Qxc4 dxc4 24. Rxb5 Rxb5 25. axb5 Nd5 26. g3 Be7 27. Ra1 Bd8 28.
Ra4 Ne3 29. Nd2 Bb6 30. Nxc4 Nxc4 31. Rxc4 O-O 32. Ba3 Ra8 33. Ra4 Rc8 34. c4
Bxd4+ 35. Kg2 Bb6 36. c5 Bxc5 37. Rxa5 Bxa3 38. Rxa3 Rc2+ 39. Kf3 Rb2 40. Ra5 g6
41. Ke3 Rxh2 42. Kd4 Rg2 43. Kc5 Rxg3 44. b6 Rb3 45. Rb5 Rxb5+ 46. Kxb5 h5 47.
b7 h4 48. b8=Q+ Kg7 49. Kc5 h3 50. Qb1 f5 51. exf6+ Kxf6 52. Kd4 g5 53. fxg5+
Kxg5 54. Ke3 Kg4 55. Kf2 e5 56. Qe4+ Kg5 57. Qxe5+ Kg4 58. Qg3+ Kf5 59. Qxh3+
Kf4 60. Qg3+ Kf5 61. Ke3 Kf6 62. Qg4 Ke5 63. Qf4+ Kd5 64. Qe4+ Kc5 65. Qd4+ Kc6
66. Qe5 Kb6 67. Qd5 Kc7 68. Qe6 Kb7 69. Qd6 Kc8 70. Qe7 Kb8 71. Kd4 Kc8 72. Kc5
Kb8 73. Kb6 Kc8 74. Qc7# {Black checkmated} 1-0

[Event "Team 45 45 League T90"]
[Site "Internet Chess Club"]
[Date "2021.10.17"]
[Round "2"]
[White "tamky70"]
[Black "Andaluz"]
[Result "1-0"]
[WhiteElo "1217"]
[BlackElo "1313"]
[Opening "Bird's opening"]
[ECO "A02"]
[Time "12:00:22"]
[PlyCount "79"]
[TimeControl "2700+45"]

1. f4 f5 2. Nf3 Nf6 3. g3 b6 4. Bg2 Bb7 5. e3 d6 6. d3 e6 7. c3 c5 8. O-O Be7 9.
Na3 O-O 10. Nc2 Nbd7 11. Nce1 Ng4 12. Bd2 Rc8 13. Bh3 Ndf6 14. Ng5 Qd7 15. Qb3
Bd5 16. c4 Bc6 17. a4 Rb8 18. Qc2 h6 19. Ngf3 Qe8 20. Bc3 Nxe3 21. Qe2 Nxf1 22.
Bxf1 Bd7 23. d4 cxd4 24. Bxd4 Ne4 25. b3 Bf6 26. Bxf6 Nxf6 27. Nd3 Ne4 28. Bg2
Bc6 29. Nb4 Bb7 30. Qc2 a5 31. Nd3 Rc8 32. Nd4 Qd7 33. Nf2 Nxf2 34. Kxf2 Bxg2
35. Kxg2 Qb7+ 36. Kh3 Qf7 37. Qf2 Qh5+ 38. Kg2 Qf7 39. Nb5 Rfd8 40. Qxb6 {Black
forfeits on time} 1-0

[Event "Team 45 45 League T90"]
[Site "Internet Chess Club"]
[Date "2021.10.14"]
[Round "2"]
[White "Toalla"]
[Black "dwmt"]
[Result "0-1"]
[WhiteElo "1149"]
[BlackElo "1115"]
[Opening "French: advance variation"]
[ECO "C02"]
[Time "19:22:45"]
[TimeControl "2700+45"]

1. e4 d5 2. e5 e6 3. d4 Nc6 4. Nf3 b6 5. a3 Bb7 6. Bd3 h6 7. O-O Nge7 8. Nbd2
Qd7 9. c4 dxc4 10. Nxc4 O-O-O 11. Be4 Nxd4 12. Bxb7+ Kxb7 13. Be3 Nxf3+ 14.
Qxf3+ Nc6 15. Rfd1 Qe7 16. Rxd8 Qxd8 17. Qxf7 Qe7 18. Qf3 g5 19. b4 a6 20. Rd1
Bg7 21. Qe4 Rd8 22. Rxd8 Qxd8 23. Qf3 Qd3 24. Qg4 Qb1+ {White resigns} 0-1

[Event "Team 45 45 League T90"]
[Site "Internet Chess Club"]
[Date "2021.10.18"]
[Round "2"]
[White "MartyJR"]
[Black "seattleblues"]
[Result "0-1"]
[WhiteElo "1424"]
[BlackElo "1374"]
[Opening "QGD Slav defense"]
[ECO "D10"]
[Time "21:00:47"]
[PlyCount "92"]
[TimeControl "2700+45"]

1. d4 d5 2. c4 c6 3. Nc3 Nf6 4. e3 Bf5 5. Qb3 Bc8 6. Nf3 dxc4 7. Bxc4 e6 8. O-O
Be7 9. e4 O-O 10. Be3 Nbd7 11. Rfd1 Nb6 12. Be2 Qc7 13. Rac1 Bd7 14. Ne5 Rfd8
15. Qc2 Rac8 16. Qb1 c5 17. dxc5 Bxc5 18. Nxd7 Nbxd7 19. Nb5 Qb6 20. Bxc5 Nxc5
21. Nc3 a6 22. Bf3 Ncd7 23. Na4 Qa5 24. Nc3 Ne5 25. Be2 h6 26. h3 Qb6 27. Na4
Rxd1+ 28. Rxd1 Qc6 29. Nc3 b5 30. a3 Ned7 31. Bf3 Ne5 32. Be2 Nfd7 33. f4 Ng6
34. g3 Nc5 35. e5 Ne7 36. Rd6 Qc7 37. Qd1 Nf5 38. Rd2 Nxg3 39. Bf3 Nf5 40. Kf2
Nb7 41. Rd7 Qc5+ 42. Ke1 Qg1+ 43. Ke2 Ng3+ 44. Kd2 Qf2+ 45. Be2 Nc5 46. Ra7 Rd8+
{White resigns} 0-1

[Event "Team 45 45 League T90"]
[Site "Internet Chess Club"]
[Date "2021.10.17"]
[Round "2"]
[White "trogers41"]
[Black "Andressa"]
[Result "1-0"]
[WhiteElo "1331"]
[BlackElo "1306"]
[Opening "Ruy Lopez: old Steinitz defense"]
[ECO "C62"]
[Time "19:12:43"]
[PlyCount "101"]
[TimeControl "2700+45"]

1. e4 e5 2. Nf3 Nc6 3. Bb5 d6 4. d4 a6 5. Bxc6+ bxc6 6. dxe5 Bb7 7. exd6 cxd6 8.
O-O Nf6 9. Nc3 Be7 10. Re1 O-O 11. Bf4 Re8 12. e5 dxe5 13. Qxd8 Raxd8 14. Bxe5
Ng4 15. Bg3 c5 16. Rad1 Rxd1 17. Rxd1 Bxf3 18. gxf3 Nf6 19. Ne4 Nxe4 20. fxe4
Bf6 21. e5 Be7 22. c4 f6 23. f4 fxe5 24. fxe5 Bg5 25. Rd6 Ra8 26. Rd7 Rb8 27. b3
Be3+ 28. Kg2 Rb6 29. Rd6 Rxd6 30. exd6 Kf7 31. Kf3 Bd4 32. Ke4 Ke6 33. h3 g6 34.
b4 h6 35. b5 axb5 36. cxb5 Kd7 37. Be5 Bxe5 38. Kxe5 c4 39. Kd4 c3 40. Kxc3 Kxd6
41. Kd4 g5 42. a4 h5 43. Ke4 g4 44. hxg4 hxg4 45. Kf4 Kc5 46. Kxg4 Kb6 47. Kf5
Ka5 48. Ke5 Kb6 49. Kd6 Ka5 50. Kc6 Kxa4 51. b6 {Black resigns} 1-0

[Event "Team 45 45 League T90"]
[Site "Internet Chess Club"]
[Date "2021.10.15"]
[Round "2"]
[White "WzeroMN"]
[Black "Visin"]
[Result "0-1"]
[WhiteElo "1068"]
[BlackElo "1174"]
[Opening "Ruy Lopez: Anderssen variation"]
[ECO "C77"]
[Time "14:00:48"]
[TimeControl "2700+45"]

1. e4 e5 2. Nf3 Nc6 3. Bb5 a6 4. Ba4 Nf6 5. d3 d6 6. h3 Bd7 7. O-O Be7 8. Be3
Na7 9. Bxd7+ Qxd7 10. c4 c5 11. Nc3 O-O 12. Bg5 b5 13. Bxf6 Bxf6 14. Nd5 Qd8 15.
Nxf6+ Qxf6 16. Qd2 Nc6 17. Qg5 Qxg5 18. Nxg5 Nd4 19. Kh2 h6 20. Nf3 Nxf3+ 21.
gxf3 f5 22. Rad1 g5 23. Rfe1 Rf6 24. b3 Raf8 25. Rg1 Kf7 26. exf5 Rxf5 27. Kg3
Ke6 28. cxb5 axb5 29. Rde1 Rxf3+ 30. Kh2 Rxf2+ 31. Rg2 R8f3 32. Rxf2 Rxf2+ 33.
Kg1 Rxa2 34. Rb1 Rd2 {White resigns} 0-1

[Event "Team 45 45 League T90"]
[Site "Internet Chess Club"]
[Date "2021.10.16"]
[Round "2"]
[White "Pawnchain"]
[Black "oldbookseller"]
[Result "1-0"]
[WhiteElo "1358"]
[BlackElo "872"]
[Opening "French defense"]
[ECO "C01"]
[Time "12:30:38"]
[TimeControl "2700+45"]

1. e4 e6 2. d4 b6 3. Nf3 Bb7 4. Bd3 Nf6 5. Bg5 Be7 6. Nbd2 O-O 7. O-O c5 8. c3
Qc7 9. e5 d6 10. exf6 gxf6 11. Bh4 Kh8 12. dxc5 bxc5 13. Bg3 Nc6 14. Qc2 f5 15.
a3 Rg8 16. b4 Rg7 17. bxc5 Rag8 18. Ne1 Ne5 19. cxd6 Bxd6 20. f4 Ng4 21. Ndf3
Ne3 22. Qe2 Ng4 23. Ne5 Bxg2 24. Nxg2 Bc5+ 25. Kh1 f6 26. Nxg4 e5 27. Bxf5 Qf7
28. fxe5 Qh5 29. exf6 Rg5 30. Be6 R8g6 31. f7 Qh3 32. Be5+ {Black resigns} 1-0

[Event "Team 45 45 League T90"]
[Site "Internet Chess Club"]
[Date "2021.10.14"]
[Round "2"]
[White "VictorRed"]
[Black "rookmaster23"]
[Result "1-0"]
[WhiteElo "1655"]
[BlackElo "1643"]
[Opening "Sicilian: Najdorf, Lipnitzky attack"]
[ECO "B86"]
[Time "20:07:06"]
[TimeControl "2700+45"]

1. e4 c5 2. Nf3 d6 3. Nc3 Nf6 4. d4 cxd4 5. Nxd4 a6 6. Bc4 e6 7. O-O b5 8. Bb3
Be7 9. f4 b4 10. e5 bxc3 11. exf6 Bxf6 12. bxc3 O-O 13. Qf3 d5 14. Ba3 Re8 15.
Rae1 Qb6 16. Qxd5 Bb7 17. Qc5 Nd7 18. Qxb6 Nxb6 19. Bc5 Nd5 20. c4 Nc3 21. Ne2
Rec8 22. Be3 a5 23. a4 Ba6 24. Nxc3 Bxc3 25. Rd1 Bxc4 26. Rf2 Rd8 27. Rxd8+ Rxd8
28. Bxc4 {Black resigns} 1-0